 Dungeon Crawl Stone Soup version 0.24-a0-412-ge138f7e (webtiles) character file.

Game seed: 6396567864539975422

354 Spazmo the Magician (level 6, 0/32 HPs)
             Began as a Deep Elf Wizard on June 6, 2019.
             Slain by an ogre
             ... wielding a cursed +0 giant spiked club
              (32 damage)
             ... on level 4 of the Dungeon.
             The game lasted 00:07:37 (2945 turns).

Spazmo the Magician (Deep Elf Wizard)               Turns: 2945, Time: 00:07:39

Health: 0/32       AC:  3    Str:  4    XL:     6   Next: 35%
Magic:  18/18      EV: 11    Int: 25    God:
Gold:   124        SH:  0    Dex: 13    Spells: 11/20 levels left

rFire    . . .     SeeInvis .   i - +1 quarterstaff (crush)
rCold    . . .     Gourm    .   (shield currently unavailable)
rNeg     + . .     Faith    .   a - +0 robe
rPois    .         Spirit   .   b - +1 hat
rElec    .         Reflect  .   (no cloak)
rCorr    .         Harm     .   (no gloves)
MR       .....                  (no boots)
Stlth    ++........             j - amulet of regeneration
HPRegen  0.50/turn              p - ring of positive energy
MPRegen  0.16/turn              m - -2 ring of evasion (curse)

@: no status effects
A: no striking features
a: no special abilities


You were on level 4 of the Dungeon.
You were not hungry.

You visited 1 branch of the dungeon, and saw 4 of its levels.

You collected 124 gold pieces.

Inventory:

Hand Weapons
 f - a +0 short sword
 i - a +1 quarterstaff of crushing (weapon)
Missiles
 e - 83 stones (quivered)
Armour
 a - a +0 robe (worn)
 b - a +1 hat (worn)
Jewellery
 h - an uncursed ring of wizardry
 j - an amulet of regeneration (around neck)
 l - a +5 ring of evasion
 m - a cursed -2 ring of evasion (right hand)
 p - a ring of positive energy (left hand)
Wands
 o - a wand of polymorph (13)
Scrolls
 k - a scroll of identify
Potions
 c - a potion of degeneration {unknown}
 g - 2 potions of might
 n - a potion of invisibility {unknown}
 q - a potion of resistance
Comestibles
 d - 14 rations


   Skills:
 - Level 2.4 Dodging
 - Level 2.4 Stealth
 + Level 7.5 Spellcasting
 + Level 5.0 Conjurations
   Level 1.1 Summonings
 - Level 1.1 Translocations


You had 11 spell levels left.
You knew the following spells:

 Your Spells              Type           Power        Failure   Level  Hunger
a - Magic Dart            Conj           ####         1%          1    None
b - Blink                 Tloc           N/A          6%          2    None
c - Conjure Flame         Conj/Fire      ###.....     7%          3    None
d - Mephitic Cloud        Conj/Pois/Air  ###.....     10%         3    None

Your spell library contained the following spells:

 Spells                   Type           Power        Failure   Level  Hunger
 Call Imp                 Summ           ##......     6%          2    None
 Slow                     Hex            #.......     10%         2    None


Dungeon Overview and Level Annotations

Branches:
Dungeon (4/15)
 Temple: D:4-7

Altars:
Dithmenos
Kikubaaqudgha
Ru
Sif Muna


Message History

Confirm with . or Enter, or press ? or * to list all spells.
Aiming: Conjure Flame (safe; 7% risk of failure)
Press: ? - help, Dir - move target cursor The fire ignites!
You hear the slow rusting of a very distant drain.
You see here 18 bolts.
You see here a short sword.
There is a stone staircase leading up, spattered with blood here.
You climb upwards.
There is a stone staircase leading down here.
You start resting.
Magic restored.
You climb downwards.
You hear the sound of rushing water.
There is an entrance to a sewer on this level.
Hurry and find it before the portal rusts away!
You hear the rusting of a very distant drain.
The ogre misses you.
The ogre hits you with a cursed +0 giant spiked club!!
Ouch! That really hurt!
You die...

#........#
.... #.##
######...#
... ...
###...# ..
..#
#.....+ .
..#
#.#...##
..##
##+#....#
#....)..#
#.......#
#.....O@#
#.......#
#.......#
#.......#
#.......#
#.......#
#.......#
.........


You could see an ogre.

Vanquished Creatures
  A phantom (D:4)
  An ogre (D:3)
  An iguana (D:4)
  A worker ant (D:4)
  3 adders
  2 oozes
  An adder skeleton (D:4)
  2 worms (D:3)
  3 dart slugs
  2 leopard geckos
  3 orcs (D:3)
  2 ball pythons
  4 giant cockroaches
  9 goblins
  6 hobgoblins
  6 jackals (D:3)
  5 kobolds
  4 quokkas
  4 bats
  4 frilled lizards
  7 rats
71 creatures vanquished.

Notes
Turn   | Place    | Note
-------+----------+-------------------------------------------
     0 | D:1      | Spazmo the Deep Elf Wizard began the quest for the Orb.
     0 | D:1      | Reached XP level 1. HP: 10/10 MP: 7/7
   294 | D:1      | Reached XP level 2. HP: 15/15 MP: 5/9
   298 | D:1      | Learned a level 2 spell: Blink
   356 | D:1      | Reached skill level 5 in Spellcasting
   874 | D:2      | Reached XP level 3. HP: 19/19 MP: 7/11
   879 | D:2      | Learned a level 3 spell: Conjure Flame
   883 | D:2      | Learned a level 3 spell: Mephitic Cloud
  1072 | D:2      | Found a sacrificial altar of Ru.
  1339 | D:2      | Found a shadowy altar of Dithmenos.
  1568 | D:2      | Found a deep blue altar of Sif Muna.
  1723 | D:3      | Reached XP level 4. HP: 20/24 MP: 2/13
  2000 | D:3      | Reached skill level 6 in Spellcasting
  2283 | D:3      | Found an ancient bone altar of Kikubaaqudgha.
  2308 | D:3      | Noticed an ogre
  2323 | D:3      | Killed an ogre
  2323 | D:3      | Reached XP level 5. HP: 10/28 MP: 0/16
  2648 | D:4      | Reached skill level 7 in Spellcasting
  2755 | D:4      | Noticed a phantom
  2773 | D:4      | Killed a phantom
  2773 | D:4      | Reached XP level 6. HP: 32/32 MP: 2/18
  2827 | D:4      | Reached skill level 5 in Conjurations
  2945 | D:4      | Slain by an ogre

Levels and vault maps discovered:
D:1:      scummos_arrival_checkerplants, layout_basic, serial_glass,
          glass_columns_b, glass_columns_a
D:2:      layout_basic, nicolae_ru_sacrificial_ziggurat,
          overflow_temple_1_default, lemuel_blue_sif_altar
D:3:      layout_basic, overflow_temple_1_default, minmay_circle_x
D:4:      layout_basic, nicolae_overflow_crystal_walls, first_ration,
          gup_sewer_entry_bowl, uniq_blork_the_orc, uniq_crazy_yiuf_cottage

Skill      XL: |  1  2  3  4  5  6 |
---------------+-------------------+-----
Conjurations   | 2 3 4 5 |  5.0
Spellcasting   | 5 6 7 |  7.5
Dodging        | |  2.4
Stealth        | |  2.4
Summonings     | |  1.1
Translocations | |  1.1

Action                   |  1- 3 |  4- 6 || total
-------------------------+-------+-------++-------
Melee: Quarterstaff      |       |     5 ||     5
 Cast: Magic Dart        |    83 |   107 ||   190
       Conjure Flame     |       |     2 ||     2
  Use: Scroll            |     4 |     4 ||     8
       Potion            |       |     1 ||     1
  Eat: Chunk             |     2 |     4 ||     6
Armor: Robe              |     1 |     2 ||     3
Dodge: Dodged            |     8 |     8 ||    16

Table legend:
 A = Non-vault XP
 B = Vault XP
 C = Vault XP percentage of total XP
 D = Non-vault monster count
 E = Vault monster count
 F = Vault count percentage of total count
                 A         B        C        D         E       F
            +---------+---------+-------+---------+---------+-------
      Total |     481 |      26 |   5.1 |      64 |       7 |   9.9
            +---------+---------+-------+---------+---------+-------
        D:1 |      31 |       0 |   0.0 |      13 |       0 |   0.0
        D:2 |      51 |       0 |   0.0 |      17 |       0 |   0.0
        D:3 |     192 |      26 |  11.9 |      29 |       7 |  19.4
        D:4 |     207 |       0 |   0.0 |       5 |       0 |   0.0
            +---------+---------+-------+---------+---------+-------
